 Dungeon Crawl Stone Soup version 0.21.1-1-g345015f (webtiles) character file.

42 Mirai the Digger (level 3, -10/19 HPs)
             Began as a Gargoyle Earth Elementalist on Mar 16, 2018.
             Splashed by Ijyb's acid (14 damage)
             ... on level 2 of the Dungeon.
             The game lasted 00:03:41 (775 turns).

Mirai the Digger (Gargoyle Earth Elementalist)       Turns: 775, Time: 00:03:42

Health: -10/19     AC:  9    Str: 16    XL:     3   Next: 56%
Magic:  5/6        EV: 12    Int: 16    God:
Gold:   26         SH:  0    Dex: 10    Spells: 6/7 levels left

rFire    . . .     SeeInvis .   m - +2 short sword (elec)
rCold    + . .     Gourm    .   (no shield)
rNeg     + . .     Faith    .   j - +1 leather armour {rC+}
rPois    ∞         Spirit   .   (no helmet)
rElec    +         Reflect  .   k - +1 cloak
rCorr    .         Harm     .   (no gloves)
MR       .....                  (no boots)
Stlth    ++........             (no amulet)
HPRegen  0.06/turn              h - +5 ring of strength
MPRegen  0.10/turn              (no ring)

@: no status effects
A: negative energy resistance 1, electricity resistance, unbreathing,
petrification resistance, rot immunity, AC +3
a: no special abilities


You were on level 2 of the Dungeon.
You were not hungry.

You visited 1 branch of the dungeon, and saw 2 of its levels.

You collected 26 gold pieces.

Inventory:

Hand Weapons
 m - a +2 short sword of electrocution (weapon)
Armour
 j - a +1 leather armour of cold resistance (worn)
 k - a +1 cloak (worn)
Jewellery
 h - a +5 ring of strength (left hand)
Scrolls
 c - 2 scrolls of identify {unknown}
 f - 2 scrolls of enchant armour {unknown}
 l - a scroll of teleportation {unknown}
Potions
 a - a potion of heal wounds {unknown}
 i - 2 potions of mutation {unknown}
 n - 2 potions of lignification {unknown}
Books
 e - a book of Geomancy

   Spells                             Type                      Level
   a - Sandblast                      Earth                        1
   b - Passwall                       Transmutation/Earth          2
   c - Stone Arrow                    Conjuration/Earth            3
   d - Petrify                        Transmutation/Earth          4
   e - Lee's Rapid Deconstruction     Earth                        5
Comestibles
 d - 2 rations
 g - 10 chunks of flesh


   Skills:
 + Level 1.9 Dodging
 - Level 2.1 Stealth
 + Level 2.5 Spellcasting
   Level 0.7 Transmutations
 + Level 4.7 Earth Magic


You had 6 spell levels left.
You knew the following spells:

 Your Spells              Type           Power        Failure   Level  Hunger
a - Sandblast             Erth           ###...       3%          1    #......


Dungeon Overview and Level Annotations

Branches:
Dungeon (2/15)

Altars:

Annotations:
D:2 Ijyb


Innate Abilities, Weirdness & Mutations

You are resistant to torment.
Your stone body is resilient. (AC +3)
You are immune to poison.
You resist negative energy. (rN+)
You are resistant to electric shocks. (rElec)
You can survive without breathing.
You are immune to petrification.
You are immune to rotting.


Message History

You don't have any stones to cast with.
Casting: Sandblast
Confirm with . or Enter, or press ? or * to list all spells.
Aiming: Sandblast
Press: ? - help, Shift-Dir - straight line, f/p - Ijyb
Aim: Ijyb, wielding a club and wearing a scale mail You don't have any stones to cast with.
Casting: Sandblast
Confirm with . or Enter, or press ? or * to list all spells.
Aiming: Sandblast
Press: ? - help, Shift-Dir - straight line, f/p - Ijyb
Aim: Ijyb, wielding a club and wearing a scale mail You don't have any stones to cast with.
Ijyb hits you with a club.
You closely miss Ijyb.
Ijyb zaps a wand.
The bolt of acid hits you!
Ouch! That really hurt!
* * * LOW HITPOINT WARNING * * *
You are splashed with acid!
The acid burns!
Ouch! That really hurt!
You die...

#.. ########.#
.8.8.8...# .........#
### ......)..# # .
... ....g....# (#
.##.# .........##.#
....# ......g@....#
#..### .8.8.8......#
#....###########.####
##..###.#.# #..)..#
..<..##.#.# #.#####
........#.# #.#
.#...####.# #.#
.##.## #.# #.#
....#####.###.#


You could see Ijyb and a goblin.

Vanquished Creatures
  A worm (D:2)
  A dart slug (D:1)
  2 leopard geckos (D:1)
  5 giant cockroaches
  6 goblins
  3 hobgoblins (D:1)
  4 jackals (D:1)
  A quokka (D:2)
  3 bats (D:1)
  A frilled lizard (D:1)
  2 kobolds (D:1)
  2 rats (D:1)
31 creatures vanquished.

Notes
Turn   | Place    | Note
-------+----------+-------------------------------------------
     0 | D:1      | Mirai the Gargoyle Earth Elementalist began the quest for the Orb.
     0 | D:1      | Reached XP level 1. HP: 10/10 MP: 3/3
   123 | D:1      | Reached skill level 4 in Earth Magic
   123 | D:1      | Reached XP level 2. HP: 11/15 MP: 0/5
   498 | D:1      | Reached XP level 3. HP: 19/19 MP: 2/6
   745 | D:2      | Noticed Ijyb
   775 | D:2      | Splashed by Ijyb's acid

Skill      XL: |  1 |
---------------+----+-----
Earth Magic    | 4 |  4.7
Dodging        | |  1.9
Stealth        | |  2.1
Spellcasting   | |  2.5
Transmutations | |  0.7

Action                   || total
-------------------------++-------
Melee: Unarmed           ||     8
       Short sword       ||    24
 Cast: Sandblast         ||    30
 Stab: Sleeping          ||     1
Armor: Robe              ||     4
       Leather armour    ||    13
Dodge: Dodged            ||    28
